 Dungeon Crawl Stone Soup version 0.31-a0-963-ga325b2283a (webtiles) character file.

Game seed: 16298714447451790757

29070 Pixllover the Severer (level 13, -1/122 HPs)
             Began as a Hill Orc Monk on Oct 25, 2023.
             Was the Champion of Beogh.
             Incinerated by a deep elf pyromancer (13 damage)
             ... with a sticky flame
             ... on level 1 of the Elven Halls.
             The game lasted 00:40:30 (12433 turns).

Pixllover the Severer (Hill Orc Monk)              Turns: 12433, Time: 00:40:31

Health: -1/122     AC: 31    Str: 19    XL:     13   Next: 42%
Magic:  14/14      EV: 13    Int: 10    God:    Beogh [******]
Gold:   1091       SH:  5    Dex: 13    Spells: 12/12 levels left

rFire   . . .        B - +1 war axe (heavy)
rCold   . . .        d - orb {light}
rNeg    . . .        c - +3 plate armour {rPois}
rPois   +            (no helmet)
rElec   .            z - +2 cloak {rPois}
rCorr   .            (no gloves)
SInv    .            r - +5 pair of boots of Beogh's Favour {Stlth+}
Will    .....        v - amulet of reflection Stlth
                     m - +5 ring of evasion
HPRegen 0.40/turn    o - +4 ring of protection
MPRegen 0.14/turn

%: reflection
@: lethally poisoned (-1 -> -1), on fire, slowed, glowing, very slow
A: walk on water
a: Renounce Religion, Smiting, Recall Orcish Followers, Give Item to Named
Follower, Resurrection


You were on level 1 of the Elven Halls.
You worshipped Beogh.
Beogh was exalted by your worship.
You visited 4 branches of the dungeon, and saw 16 of its levels.

You collected 1263 gold pieces.
You spent 172 gold pieces at shops.

Inventory:

Hand Weapons
 B - a +1 heavy war axe (weapon)
Missiles
 b - 9 javelins
 i - 19 poisoned darts (quivered)
 P - a throwing net
Armour
 c - a +3 plate armour of poison resistance (worn)
 d - an orb of light (worn)
 r - the +5 pair of boots of Beogh's Favour (worn) {Stlth+}
   (You found it on level 2 of the Dungeon)

   Stlth+:    It makes you more stealthy.
 z - a +2 cloak of poison resistance (worn)
 K - a +0 cloak
Jewellery
 m - a +5 ring of evasion (left hand)
 o - a +4 ring of protection (right hand)
 v - an amulet of reflection (around neck)
 y - a ring of see invisible
Wands
 t - a wand of flame (18)
 A - a wand of acid (3)
 C - a wand of polymorph (6)
 G - a wand of paralysis (17)
 O - a wand of roots (6)
Scrolls
 a - 2 scrolls of fear
 e - 2 scrolls of blinking
 f - 8 scrolls of teleportation
 h - a scroll of poison {unknown}
 l - a scroll of revelation {unknown}
 n - 3 scrolls of immolation
 s - a scroll of noise {unknown}
 E - 3 scrolls of enchant armour
 F - a scroll of vulnerability {unknown}
 J - a scroll of silence {unknown}
 R - a scroll of acquirement {unknown}
Potions
 g - 3 potions of lignification
 j - a potion of brilliance
 k - 6 potions of curing
 p - 2 potions of heal wounds {unknown}
 q - 2 potions of attraction {unknown}
 u - 5 potions of mutation
 w - 2 potions of might
 x - 2 potions of enlightenment {unknown}
 H - a potion of cancellation {unknown}
 I - 2 potions of berserk rage
 L - a potion of resistance {unknown}
 M - a potion of invisibility {unknown}
 S - a potion of haste {unknown}


   Skills:
 + Level 13.4 Fighting
 + Level 18.3 Axes
 + Level 10.1 Armour
 + Level 6.0 Dodging
 + Level 4.1 Stealth
 + Level 6.6 Shields
 + Level 2.2 Invocations


You had 12 spell levels left.
You didn't know any spells.
Your spell library contained the following spells:

 Spells                   Type           Power      Damage    Failure   Level
 Apportation              Tloc           0%         N/A       100%        1
 Necrotise                Necr           0%         1d4       100%        1
 Summon Small Mammal      Summ           0%         N/A       100%        1
 Poisonous Vapours        Pois/Air       0%         N/A       100%        2
 Sublimation of Blood     Necr           0%         N/A       100%        2
 Wereblood                Tmut           0%         N/A       100%        2
 Dazzling Flash           Conj/Hex       0%         N/A       100%        3
 Inner Flame              Hex/Fire       0%         N/A       100%        3
 Mephitic Cloud           Conj/Pois/Air  0%         N/A       100%        3
 Ozocubu's Armour         Ice            0%         N/A       100%        3
 Flame Wave               Conj/Fire      0%         2d4       100%        4
 Passage of Golubria      Tloc           0%         N/A       100%        4
 Sticky Flame             Conj/Fire      0%         2d3       100%        4
 Agony                    Necr           0%         N/A       100%        5
 Freezing Cloud           Conj/Ice/Air   0%         6-21      100%        5
 Silence                  Hex/Air        0%         N/A       100%        5
 Ozocubu's Refrigeration  Ice            0%         4d7       100%        7
 Summon Hydra             Summ           0%         N/A       100%        7
 Lehudib's Crystal Spear  Conj/Erth      0%         10d2      100%        8


Dungeon Overview and Level Annotations

Branches:
Dungeon (12/15)            Temple (0/1) D:7            Lair (1/5) D:8
    Orc (2/2) D:10            Elf (1/3) Orc:2

Altars:
Cheibriados
Okawaru
Yredelemnul
Beogh

Shops:
D:6 (   Orc:2 [*=(

Annotations:
D:12 Frances


Message History

The earth elemental hits Warrok!
You closely miss the deep elf pyromancer.
The deep elf pyromancer is almost dead.
You slice the deep elf pyromancer!!
You kill the deep elf pyromancer!
Beogh accepts your kill.
You hit the deep elf knight.
You kill the deep elf knight!
Beogh accepts your kill.
Warrok looks more experienced.
Beogh blesses Warrok with divine balms and healing.
You slice the deep elf pyromancer!!
You are covered in liquid flames!
* * * LOW HITPOINT WARNING * * *
You feel sick.
Warrok burns! x2
The deep elf pyromancer hits you but does no damage.
You block the deep elf pyromancer's attack.
Warrok barely misses the deep elf pyromancer.
You block the deep elf pyromancer's attack.
The deep elf pyromancer mumbles some strange words.
The deep elf pyromancer blinks!
Your Armour skill increases to level 10!
You slice the deep elf pyromancer!!
You kill the deep elf pyromancer!
Beogh accepts your kill.
Beogh blesses Warrok with healing.
You hit the earth elemental.
You are covered in liquid flames!
* * * LOW HITPOINT WARNING * * *
You are no longer on fire.
You feel sick.
Warrok burns!
The deep elf pyromancer casts a spell at you.
The sticky flame hits you but does no damage.
You are covered in liquid flames!
The earth elemental barely misses you.
You slice the earth elemental!!
The earth elemental is severely damaged.
You are covered in liquid flames!
You die...

#.....# #.....#
#..⌠..# #.....#
##.....##
######'########.
...#..)))#......
...#.eo@E#.....#
⌠..'..)§.)..⌠..#
...#.....#......
..^#.....#......
######'#########
##.....##
#.....# #..⌠..#
#.....#


You could see an earth elemental, a deep elf pyromancer (ally target) and the
friendly Warrok the orc knight (burning).

Vanquished Creatures
  Fannar (D:10)
  A boulder beetle (D:11)
  An orc high priest (Orc:1)
  A deep elf knight (Elf:1)
  6 skeletal warriors (D:11)
  4 deep elf pyromancers (Elf:1)
  A deep elf archer (Elf:1)
  Pikel (D:9)
  2 cyclopes
  Joseph (D:8)
  Psyche (D:12)
  A gargoyle (D:10)
  A komodo dragon (Lair:1)
  A cane toad (Lair:1)
  A kobold demonologist (D:9)
  A troll (D:12)
  5 polar bears (Lair:1)
  3 blink frogs (Lair:1)
  4 wraiths
  A wyvern (D:9)
  10 yaks
  A basilisk (D:12)
  A steam dragon (D:7)
  5 vampire mosquitoes
  2 wargs
  3 water moccasins
  2 acid dragons
  4 orc warriors
  2 sky beasts
  A meliai simulacrum (D:12)
  5 black bears (Lair:1)
  3 ogres
  3 centaurs
  A phantom (D:4)
  2 kobold brigands
  5 bullfrogs
  9 wights
  5 killer bees
  A howler monkey (D:8)
  5 orc priests
  3 hounds
  A sleepcap (D:7)
  A gnoll bouda (D:7)
  An iguana (D:4)
  7 orc wizards
  8 adders
  9 gnolls
  3 dart slugs
  8 worms
  14 orcs
  10 endoplasms
  3 giant cockroaches (D:2)
  8 goblins
  8 hobgoblins
  9 ball pythons
  6 bats
  4 frilled lizards
  18 kobolds
  5 rats
234 creatures vanquished.

Vanquished Creatures (collateral kills)
  An orc warlord (Orc:2)
  Erolcha (D:10)
  A boulder beetle (Lair:1)
  Urug (Orc:2)
  2 skeletal warriors (D:11)
  An orc knight (Orc:2)
  3 deep elf zephyrmancers (Elf:1)
  A deep elf pyromancer (Elf:1)
  An orc sorcerer (Orc:2)
  A manticore (D:11)
  3 cane toads (Lair:1)
  2 komodo dragons (Lair:1)
  An unseen horror (D:11)
  A polar bear (Lair:1)
  3 trolls
  5 blink frogs (Lair:1)
  Sigmund (D:6)
  2 shadows
  A wraith (D:11)
  9 yaks
  3 wyverns
  A vampire (D:11)
  A basilisk (Lair:1)
  2 steam dragons
  The ghost of Zlot the Chopper, an amateur DsBe of Trog (D:6)
  5 vampire mosquitoes
  A warg (Orc:2)
  Edmund (D:6)
  A water moccasin (Lair:1)
  A sky beast (D:6)
  7 orc warriors
  7 black bears
  2 ogres (Orc:2)
  3 lemures (D:9)
  3 bullfrogs
  A kobold brigand (D:8)
  A gnoll sergeant (D:9)
  A scorpion (D:6)
  8 wights
  3 killer bees (D:11)
  A howler monkey (D:8)
  An electric eel (D:9)
  5 hounds
  2 jellies
  11 orc priests
  A sleepcap (D:8)
  An iguana (D:6)
  12 orc wizards
  5 gnolls
  13 orcs
  3 kobolds
149 creatures vanquished.

Vanquished Creatures (others)
  An orc high priest (Orc:2)
  An orc sorcerer (Orc:2)
  11 orc warriors
  3 orc wizards
  4 orc priests
  39 orcs
  A giant cockroach (D:3)
  A rat (D:3)
61 creatures vanquished.

Grand Total: 444 creatures vanquished

Notes
Turn   | Place    | Note
-------+----------+-------------------------------------------
     0 | D:1      | Pixllover the Hill Orc Monk began the quest for the Orb.
     0 | D:1      | Reached XP level 1. HP: 19/19 MP: 1/1
   279 | D:1      | Reached XP level 2. HP: 27/27 MP: 2/2
  1024 | D:2      | Reached XP level 3. HP: 30/33 MP: 3/3
  1586 | D:2      | Reached XP level 4. HP: 36/41 MP: 4/4
  1769 | D:2      | Reached skill level 5 in Axes
  1790 | D:2      | Identified the +5 pair of boots of Beogh's Favour {Stlth+}
  1887 | D:2      | Found a faded altar of an unknown god.
  2072 | D:3      | Reached XP level 5. HP: 47/47 MP: 5/5
  2106 | D:3      | Became a worshipper of Beogh the Brigand
  2106 | D:3      | Reached * piety under Beogh
  2106 | D:3      | Reached ** piety under Beogh
  2683 | D:4      | Noticed an acid dragon
  2701 | D:3      | Killed an acid dragon
  2702 | D:3      | Reached skill level 6 in Axes
  2702 | D:3      | Reached XP level 6. HP: 50/55 MP: 6/6
  2742 | D:4      | Reached skill level 1 in Armour
  2777 | D:4      | Reached skill level 7 in Axes
  3242 | D:4      | Reached skill level 5 in Fighting
  3242 | D:4      | Reached skill level 1 in Shields
  3242 | D:4      | Reached XP level 7. HP: 32/61 MP: 7/7
  3247 | D:4      | Reached skill level 8 in Axes
  3388 | D:4      | Reached *** piety under Beogh
  3642 | D:5      | Entered Level 5 of the Dungeon
  3646 | D:5      | Reached skill level 9 in Axes
  3743 | D:5      | Reached XP level 8. HP: 68/68 MP: 8/8
  3887 | D:5      | Reached skill level 10 in Axes
  4250 | D:6      | Noticed Sigmund
  4261 | D:6      | Killed Sigmund
  4336 | D:6      | Found a runed translucent door.
  4486 | D:6      | Noticed a yak
  4487 | D:6      | Noticed a yak
  4490 | D:6      | Noticed a yak
  4495 | D:6      | Killed a yak
  4496 | D:6      | Reached skill level 11 in Axes
  4506 | D:6      | Killed a yak
  4508 | D:6      | Killed a yak
  4509 | D:6      | Reached XP level 9. HP: 50/77 MP: 9/9
  4519 | D:6      | Reached skill level 12 in Axes
  4525 | D:6      | Reached skill level 1 in Stealth
  4631 | D:6      | Noticed Edmund
  4638 | D:6      | Killed Edmund
  4679 | D:6      | Reached **** piety under Beogh
  4680 | D:6      | Reached skill level 5 in Armour
  4688 | D:6      | Found Cuttidom's Antique Weapon Boutique.
  4757 | D:6      | Reached skill level 13 in Axes
  5039 | D:6      | Found a snail-covered altar of Cheibriados.
  5053 | D:6      | Found a basalt altar of Yredelemnul.
  5055 | D:6      | Found an iron altar of Okawaru.
  5143 | D:6      | Noticed Zlot's ghost (amateur DsBe)
  5274 | D:6      | Killed Zlot's ghost
  5643 | D:7      | Found a staircase to the Ecumenical Temple.
  5716 | D:7      | Reached XP level 10. HP: 86/86 MP: 10/10
  6050 | D:7      | Reached skill level 14 in Axes
  6057 | D:7      | Identified the +4 robe "Futiema" {rElec rN+}
  6250 | D:8      | Noticed Joseph
  6254 | D:8      | Killed Joseph
  6287 | D:8      | Found a staircase to the Lair.
  6645 | D:8      | Reached ***** piety under Beogh
  7076 | D:9      | Noticed a kobold demonologist
  7083 | D:9      | Killed a kobold demonologist
  7084 | D:9      | Reached skill level 15 in Axes
  7166 | D:9      | Noticed Pikel
  7177 | D:9      | Killed Pikel
  7420 | D:9      | Noticed a cyclops
  7424 | D:9      | Killed a cyclops
  7424 | D:9      | Gained Wargrak as an ally
  7486 | D:9      | Reached XP level 11. HP: 95/95 MP: 11/11
  7932 | D:9      | Reached skill level 16 in Axes
  8243 | D:10     | Entered Level 10 of the Dungeon
  8471 | D:10     | Reached skill level 1 in Invocations
  8524 | D:10     | Found a staircase to the Orcish Mines.
  8621 | D:10     | Killed Erolcha
  8934 | D:11     | Identified the +3 whip of the Baleful God {vamp, rC+ Str-5
                  | Int+2}
  8949 | D:11     | Noticed a skeletal warrior
  8951 | D:11     | Noticed a skeletal warrior
  8951 | D:11     | Noticed a skeletal warrior
  8963 | D:11     | Killed a skeletal warrior
  8971 | D:11     | Killed a skeletal warrior
  8977 | D:11     | Killed a skeletal warrior
  9251 | D:11     | Reached skill level 10 in Fighting
  9262 | D:11     | Reached skill level 5 in Shields
  9266 | D:11     | Noticed a skeletal warrior
  9266 | D:11     | Noticed a skeletal warrior
  9273 | D:11     | Killed a skeletal warrior
  9276 | D:11     | Killed a skeletal warrior
  9335 | D:11     | Noticed a skeletal warrior
  9337 | D:11     | Noticed a skeletal warrior
  9338 | D:11     | Noticed a skeletal warrior
  9341 | D:11     | Killed a skeletal warrior
  9344 | D:11     | Killed a skeletal warrior
  9345 | D:11     | Reached XP level 12. HP: 91/108 MP: 11/13
  9350 | D:11     | Reached skill level 17 in Axes
  9367 | D:11     | Noticed a boulder beetle
  9378 | D:11     | Killed a boulder beetle
  9910 | D:12     | Noticed Psyche
  9916 | D:12     | Killed Psyche
  9955 | D:12     | Noticed Frances
  9962 | D:12     | Noticed a soul eater
 10200 | Lair:1   | Entered Level 1 of the Lair of Beasts
 10307 | Lair:1   | Reached skill level 5 in Dodging
 10332 | Lair:1   | Reached ****** piety under Beogh
 10381 | Lair:1   | Gained Warrok as an ally
 10386 | Lair:1   | Gained Bogrim as an ally
 10393 | Lair:1   | Noticed a boulder beetle
 10401 | Lair:1   | Killed a boulder beetle
 11348 | Orc:1    | Entered Level 1 of the Orcish Mines
 11348 | Orc:1    | Noticed Fannar
 11348 | Orc:1    | Noticed an orc high priest
 11354 | Orc:1    | Noticed a soul eater
 11354 | Orc:1    | Noticed a sun demon
 11354 | Orc:1    | Killed an orc high priest
 11364 | D:10     | Killed Fannar
 11365 | D:10     | Reached XP level 13. HP: 66/119 MP: 14/14
 11661 | Orc:2    | Entered Level 2 of the Orcish Mines
 11721 | Orc:2    | Gained Bogward as an ally
 11813 | Orc:2    | Noticed Urug
 11815 | Orc:2    | Noticed an orc warlord
 11816 | Orc:2    | Found a roughly hewn altar of Beogh.
 11820 | Orc:2    | Reached skill level 18 in Axes
 11821 | Orc:2    | Killed Urug
 11821 | Orc:2    | Gained Bogdar as an ally
 11827 | Orc:2    | Killed an orc warlord
 11838 | Orc:2    | Found Eshrani's Jewellery Boutique.
 11865 | Orc:2    | Found Vis Reso's Antique Armour Boutique.
 11880 | Orc:2    | Gained Grimold as an ally
 11894 | Orc:2    | Found Ruymah's General Store.
 11920 | Orc:2    | Found Pijappid's Antique Weapon Boutique.
 12111 | Orc:2    | Found a staircase to the Elven Halls.
 12248 | Orc:2    | Bought a glowing cloak for 172 gold pieces
 12418 | Elf:1    | Identified the "Xeatz"
 12418 | Elf:1    | Entered Level 1 of the Elven Halls
 12432 | Elf:1    | Reached skill level 10 in Armour
 12433 | Elf:1    | Incinerated by a deep elf pyromancer

Illustrated notes

Levels and vault maps discovered:
D:1:      lightli_arrival_flooded_house, layout_basic
D:2:      minmay_inner_zag, layout_rooms, shapermc_ecumenical_altar_mp_vishouse
D:3:      layout_loops_ring, dk_noncrumbling_4, st_stairs_1
D:4:      layout_cave_pools, corexii_shack, st_stairs_8, nicolae_wormholes
D:5:      nicolae_cairo_tiling_large, layout_rooms
D:6:      layout_rooms, minitemple, ebering_ghost_sewer_d, serial_shops, shop,
          uniq_edmund, uniq_sigmund
D:7:      layout_loops_corners, minmay_temple_entry_trees
D:8:      layout_basic, dpeg_oklobed_lair, corexii_leaking_fountain, uniq_joseph
D:9:      layout_stronghold, lightli_minifort, uniq_pikel
D:10:     layout_basic, david_orc_3, uniq_erolcha
D:11:     layout_loops_ring
D:12:     layout_rooms, gauntlet_entry_generic, uniq_frances, uniq_azrael,
          uniq_psyche
Lair:1:   beast_lair_carwin_large_4, layout_cave_pods,
          infiniplex_staircase_pool_2
Orc:1:    layout_caves, uniq_fannar
Orc:2:    grunt_orc_cross, layout_diamond_mine
Elf:1:    minmay_elf_arrival_plus, layout_loops_corners, serial_shops,
          nicolae_lakefront_shop, hangedman_elf_disciples, dk_noncrumbling_2

Skill      XL: |  1  2  3  4  5  6  7  8  9 10 11 12 13 |
---------------+----------------------------------------+-----
Fighting       | 4 5 6 7 8 10 12 13 | 13.4
Dodging        | 3 4 5 6 |  6.0
Axes           | 5 6 7 9 11 13 15 16 17 18 | 18.3
Armour         | 1 2 4 5 7 9 10 | 10.1
Shields        | 1 2 3 5 6 |  6.6
Stealth        | 1 2 3 4 |  4.1
Invocations    | 1 2 |  2.2

Action                     |  1- 3 |  4- 6 |  7- 9 | 10-12 | 13-15 || total
---------------------------+-------+-------+-------+-------+-------++-------
  Melee: Hand axe          |    91 |   173 |    19 |       |       ||   283
         War axe           |       |       |   149 |   271 |    32 ||   452
 Invoke: Convert to Beogh  |       |     1 |       |       |       ||     1
         Recall Orcish Fol |       |       |       |     6 |     1 ||     7
         Give Item to Name |       |       |       |     1 |     1 ||     2
         Smiting           |       |       |       |       |     1 ||     1
    Use: Scroll            |     2 |     2 |     4 |     8 |       ||    16
         Potion            |       |       |       |     1 |     1 ||     2
   Stab: Distracted        |       |       |     1 |     3 |       ||     4
         Confused          |       |       |       |     1 |     1 ||     2
 Armour: Robe              |    41 |    25 |       |       |       ||    66
         Plate armour      |       |    51 |    86 |       |    23 ||   160
         Scale mail        |       |       |    25 |   181 |     8 ||   214
  Dodge: Dodged            |    74 |   136 |    76 |   231 |    25 ||   542
  Block: Orb               |       |    25 |    27 |    84 |     9 ||   145
         Reflection        |       |     1 |       |     4 |       ||     5

Table legend: (Time is in decaauts)
 A = Elapsed time spent in this place.
 B = Non-inter-level travel time spent in this place.
 C = Inter-level travel time spent in this place.
 D = Time resting spent in this place.
 E = Time spent auto-exploring this place.
 F = Levels seen in this place.
 G = Mean time per level.
                   A        B        C        D        E       F      G
               +--------+--------+--------+--------+--------+-----+--------+
         Total |  12453 |  11998 |    455 |   1017 |   5949 |  16 |  778.3 |
       Dungeon |  10408 |  10016 |    392 |    950 |   5017 |  12 |  867.3 |
          Lair |   1100 |   1078 |     22 |     67 |    688 |   1 | 1100.0 |
  Orcish Mines |    923 |    884 |     39 |      0 |    244 |   2 |  461.5 |
   Elven Halls |     20 |     20 |      0 |      0 |      0 |   1 |   20.0 |
               +--------+--------+--------+--------+--------+-----+--------+

Top non-repeatable levels by time:
     D:9: 1252 daAuts
    D:11: 1118 daAuts
  Lair:1: 1100 daAuts
     D:6: 1092 daAuts
     D:1: 1024 daAuts
     D:7: 929 daAuts
     D:4: 928 daAuts
     D:2: 926 daAuts
    D:10: 880 daAuts
     D:8: 791 daAuts
     D:3: 765 daAuts
   Orc:2: 757 daAuts
     D:5: 578 daAuts
   Orc:1: 165 daAuts
    D:12: 122 daAuts
